 Dungeon Crawl Stone Soup version 0.31.0-11-ge490571c62 (webtiles) character file.

Game seed: 369695205198210034

6 shmup the Firebug (level 1, -1/10 HPs)
             Began as a Tengu Fire Elementalist on Feb 2, 2024.
             Slain by a jackal (2 damage)
             ... on level 1 of the Dungeon.
             The game lasted 00:00:53 (206 turns).

shmup the Firebug (Tengu Fire Elementalist)          Turns: 206, Time: 00:00:55

Health: -1/10      AC:  2    Str:  8    XL:     1   Next: 90%
Magic:  1/4        EV: 12    Int: 15    God:
Gold:   0          SH:  0    Dex: 14    Spells: 3/4 levels left

rFire   . . .        (no weapon)
rCold   . . .        (no shield)
rNeg    . . .        a - +0 robe
rPois   .            (helmet restricted)
rElec   .            (no cloak)
rCorr   .            (no gloves)
SInv    .            (boots unavailable)
Will    .....        (no amulet)
Stlth   ++           (no ring)
HPRegen 0.21/turn    (no ring)
MPRegen 0.09/turn

%: acrobat
@: no status effects
A: beak, talons 3, acrobatic
a: no special abilities


You were on level 1 of the Dungeon.
You visited 1 branch of the dungeon, and saw 1 of its levels.

Inventory:

Missiles
 c - 48 stones (quivered)
Armour
 a - a +0 robe (worn)
Potions
 b - a potion of magic


   Skills:
 - Level 2.1 Dodging
 - Level 2.0 Stealth
 - Level 2.0 Spellcasting
 - Level 1.3 Conjurations
 + Level 3.8 Fire Magic


You had 3 spell levels left.
You knew the following spells:

 Your Spells              Type           Power      Damage    Failure   Level
a - Foxfire               Conj/Fire      36%        2x1d5     8%          1

Your spell library contained the following spells:

 Spells                   Type           Power      Damage    Failure   Level
 Scorch                   Fire           24%        2d6       7%          2
 Inner Flame              Hex/Fire       7%         N/A       30%         3
 Volatile Blastmotes      Fire/Tloc      14%        2d11      30%         3
 Flame Wave               Conj/Fire      9%         2d6       58%         4


Dungeon Overview and Level Annotations

Branches:
Dungeon (1/15) Zot: 5793

Altars:


Innate Abilities, Weirdness & Mutations

You have a beak for a mouth.
You have claws for feet.
You can magically evade attacks while moving or waiting.


Message History

The jackal attacks as it pursues you! The jackal bites you.
The jackal completely misses you. The jackal attacks as it pursues you!
The jackal barely misses you. The jackal closely misses you.
The jackal attacks as it pursues you! The jackal misses you.
The jackal bites you. The jackal misses you. The jackal misses you.
The jackal misses you. The jackal attacks as it pursues you!
The jackal completely misses you. The jackal attacks as it pursues you!
The jackal misses you. The jackal barely misses you.
The jackal completely misses you. The jackal attacks as it pursues you!
The jackal misses you. The jackal completely misses you.
The jackal attacks as it pursues you! The jackal bites you.
There is an open door here.
The jackal completely misses you.
There's a creature in the doorway!
The jackal attacks as it pursues you! The jackal closely misses you.
Casting: Foxfire (safe; 8% risk of failure)
Confirm with . or Enter, or press ? or * to list all spells.
You conjure some foxfire!
The jackal bites you.
* * * LOW HITPOINT WARNING * * *
The jackal bites you.
* * * LOW HITPOINT WARNING * * *
The jackal barely misses you.
The foxfire hits the jackal.
The jackal is heavily wounded.
The foxfire hits the jackal.
The jackal is severely wounded.
The jackal completely misses you. x2
Casting: Foxfire (safe; 8% risk of failure)
Confirm with . or Enter, or press ? or * to list all spells.
You conjure some foxfire!
The jackal bites you but does no damage.
The jackal bites you.
* * * LOW HITPOINT WARNING * * *
The jackal bites you.
You die...

▒.▒ .▒ ▒.▒ .▒
▒▒▒▒▒▒▒.▒.▒ ▒.....%.%%▒
▒.▒▒▒▒▒.▒.▒ ▒.▒
▒.▒▒▒▒▒▒▒▒ ▒▒▒▒▒▒▒.▒
▒▒▒▒.....▒▒▒ ▒.......▒
▒▒▒▒hv.......▒▒
▒.▒▒▒▒▒▒▒
▒.'.hQ..8.....+ ▒.▒
▒.▒▒.v.......▒▒ ▒.▒
▒.▒▒▒▒.....▒▒▒ ▒.▒
▒h..▒▒▒▒'▒▒▒ ▒.▒
▒▒▒▒▒.▒▒.....▒▒
▒.▒▒▒▒▒▒▒..h..▒...<...▒
▒........▒.▒▒▒▒▒.....▒▒
▒▒▒▒▒▒▒▒▒.▒▒ ▒▒▒▒▒▒▒
▒▒▒▒▒▒▒▒.▒


You could see 2 jackals.

Vanquished Creatures
  2 jackals (D:1)
  A quokka (D:1)
  A ball python (D:1)
  A bat (D:1)
  A rat (D:1)
6 creatures vanquished.

Vanquished Creatures (others)
  14 foxfires (D:1)
14 creatures vanquished.

Grand Total: 20 creatures vanquished

Notes
Turn   | Place    | Note
-------+----------+-------------------------------------------
     0 | D:1      | shmup the Tengu Fire Elementalist began the quest for the
                  | Orb.
     0 | D:1      | Reached XP level 1. HP: 10/10 MP: 4/4
   206 | D:1      | Slain by a jackal

Illustrated notes

Levels and vault maps discovered:
D:1:      minmay_arrival_shattered_statue, layout_loops_ring,
          basic_ecumenical_altar

Action                     || total
---------------------------++-------
   Cast: Foxfire           ||    11
 Armour: Robe              ||     9
  Dodge: Dodged            ||    31
